 Dungeon Crawl Stone Soup version 0.16.1-2-g95b8d4c (webtiles) character file.

490 Leibowitz the Ducker (level 6, -1/45 HPs)
             Began as a Demigod Gladiator on Mar 24, 2015.
             Slain by a sky beast (6 damage)
             ... on level 5 of the Dungeon.
             The game lasted 00:20:40 (5749 turns).

Leibowitz the Ducker (Demigod Gladiator)            Turns: 5749, Time: 00:20:40

Health: -1/45      AC:  5    Str: 18      XL:     6   Next: 59%
Magic:  21/21      EV: 14    Int: 10      God:
Gold:   191        SH:  0    Dex: 18 (20) Spells: 1 memorised, 5 levels left

rFire  . . .     SeeInvis .     a - +0 long sword
rCold  . . .     Clarity  .     b - +0 leather armour
rNeg   . . .     SustAb   +     (no shield)
rPois  .         Gourm    .     c - +1 helmet
rElec  .         Spirit   .     (no cloak)
rCorr  .         Warding  .     (no gloves)
rMut   .         Stasis   .     (no boots)
MR     .....                    j - amulet of faith
Stlth  +++.......               e - ring of stealth
                                o - ring of magical power

@: not resistant to hostile enchantments, fairly stealthy
A: talons 1, dopey 1, frail 1, evolution 1, sustain abilities
a: no special abilities


You were on level 5 of the Dungeon.
You were not hungry.

You visited 1 branch of the dungeon, and saw 5 of its levels.
You also visited: Sewer.

You collected 191 gold pieces.

Inventory:

Hand weapons
 a - a +0 long sword (weapon)
Missiles
 d - 2 throwing nets
 n - 27 poisoned needles
 q - 2 curare-tipped needles
 t - 2 javelins (quivered)
Armour
 b - a +0 leather armour (worn)
 c - a +1 helmet (worn)
Jewellery
 e - a ring of stealth (right hand)
 j - an amulet of faith (around neck)
 o - a ring of magical power (left hand)
Scrolls
 i - 2 scrolls of remove curse
 k - a scroll of enchant armour
 l - 7 scrolls of identify
 p - 3 scrolls of magic mapping
 r - a scroll of recharging
Potions
 g - 3 potions of agility
 s - 2 potions of lignification
 u - a potion of magic
 v - a potion of curing
Comestibles
 f - 4 bread rations
 h - 7 fruits
 m - a slice of pizza


   Skills:
 * Level 2.6 Fighting
 * Level 3.8 Long Blades
 + Level 1.9 Throwing
 * Level 2.4 Armour
 * Level 4.3 Dodging
 * Level 1.8 Stealth
 * Level 1.2 Spellcasting
 * Level 1.3 Charms
 + Level 1.0 Air Magic


You had 5 spell levels left.
You knew the following spells:

 Your Spells              Type           Power        Failure   Level  Hunger
a - Swiftness             Chrm/Air       #.......     38%         2    ###....


Dungeon Overview and Level Annotations

Branches:
Dungeon (5/15)
 Temple: D:4-7

Annotations:
D:3 Leibowitz's ghost, average DsGl
D:4 Stepppan's ghost, average DsWr


Innate Abilities, Weirdness & Mutations

Your attributes are resistant to harm.
You have sharp toenails.
You are dopey. (Int -2)
You are frail (-10% HP).
You evolve.


Message History

The sky beast flickers out of sight!
Deactivating autopickup; reactivate with Ctrl-A.
Something hits you but does no damage.
You miss something. You claw something. Something hits you but does no damage.
You closely miss something. You claw something. Something hits you.
Something shocks you.
You completely miss something. Something hits you. Something shocks you.
You miss something. You claw something. Something hits you.
Something shocks you. Something hits you. Something shocks you.
* * * LOW HITPOINT WARNING * * *
You miss something. You claw something. Something hits you.
* * * LOW HITPOINT WARNING * * *
Something shocks you.
* * * LOW HITPOINT WARNING * * *
You closely miss something. You claw something.
Something hits you but does no damage.
You barely miss something. Something hits you.
* * * LOW HITPOINT WARNING * * *
Something shocks you.
You die...

. ..? ##########....
#..#.?.........
#).#.#@........
#..#.#{........
#.#.#........
#####+###...#........
#...........#.%......
#...........#.......
+.........#.#......
#........##.#...#.
#........##.#...#


There were no monsters in sight!

Vanquished Creatures
  An ogre (D:4)
  A hound (D:4)
  2 orc wizards (D:4)
  2 jellies (D:3)
  An orc priest (D:4)
  A centaur skeleton (D:5)
  Ijyb (D:3)
  4 river rats (Sewer)
  3 giant mites
  4 adders
  2 worms
  A giant gecko (D:2)
  An ooze (D:2)
  10 orcs
  9 goblins
  7 hobgoblins
  13 kobolds
  4 quokkas
  10 ball pythons
  9 bats
  5 giant cockroaches
  8 giant newts
  16 rats
115 creatures vanquished.

Notes
Turn   | Place    | Note
--------------------------------------------------------------
     0 | D:1      | Leibowitz, the Demigod Gladiator, began the quest for the Orb.
     0 | D:1      | Reached XP level 1. HP: 17/17 MP: 2/2
   769 | D:1      | Reached XP level 2. HP: 24/24 MP: 3/3
   868 | D:1      | Reached skill level 3 in Long Blades
  1487 | D:2      | Reached skill level 1 in Armour
  1606 | D:2      | Reached XP level 3. HP: 27/29 MP: 5/5
  2091 | D:2      | Learned a level 2 spell: Swiftness
  2104 | D:2      | Found a bloodstained altar of Trog.
  2348 | D:3      | Reached XP level 4. HP: 12/36 MP: 7/7
  2757 | D:3      | Reached skill level 1 in Stealth
  2895 | D:3      | Noticed Ijyb
  2932 | D:3      | Killed Ijyb
  2932 | D:3      | Reached XP level 5. HP: 33/41 MP: 8/8
  3117 | D:3      | Noticed Leibowitz's ghost (average DsGl)
  3338 | D:4      | Noticed an ogre
  3615 | D:4      | Found a glowing drain.
  3637 | Sewer    | Entered a sewer
  3887 | Sewer    | Reached skill level 1 in Air Magic
  4210 | Sewer    | Reached skill level 4 in Dodging
  4440 | D:4      | Gained mutation: You evolve. [potion of mutation]
  4440 | D:4      | Gained mutation: You are dopey. (Int -2) [potion of mutation]
  4440 | D:4      | Gained mutation: You are frail (-10% HP). [potion of mutation]
  4558 | D:4      | Killed an ogre
  4558 | D:4      | Reached skill level 1 in Spellcasting
  4558 | D:4      | Reached skill level 1 in Charms
  4558 | D:4      | Reached XP level 6. HP: 32/45 MP: 12/12
  4664 | D:4      | HP: 1/45 [orc/trident (2)]
  4689 | D:4      | Noticed Stepppan's ghost (average DsWr)
  4864 | D:3      | Gained mutation: You have sharp toenails. [evolution]
  5706 | D:5      | Entered Level 5 of the Dungeon
  5749 | D:5      | Slain by a sky beast

Action                   |  1- 3 |  4- 6 || total
-------------------------+-------+-------++-------
Melee: Long sword        |   107 |   310 ||   417
       Short sword       |    11 |       ||    11
Throw: Javelin           |       |     3 ||     3
       Throwing net      |       |     1 ||     1
 Cast: Swiftness         |       |     3 ||     3
  Use: Potion            |     5 |     7 ||    12
       Scroll            |     5 |     5 ||    10
 Stab: Sleeping          |     3 |     2 ||     5
       Distracted        |       |     1 ||     1
  Eat: Chunk             |     3 |    12 ||    15
       Beef jerky        |       |     1 ||     1
